 Seeded DCSS version 0.28.0-53-g5a82cb258f (webtiles) character file.

Game seed: 2522883527361852585 (custom seed)

711 cbfl8 the Chopper (level 7, -1/61 HPs)
             Began as a Minotaur Fighter on July 20, 2022.
             Succumbed to a kobold brigand's curare-tipped dart
             ... in a sewer.
             The game lasted 00:03:45 (3901 turns).

cbfl8 the Chopper (Minotaur Fighter)                Turns: 3901, Time: 00:03:46

Health: -1/61      AC:  8    Str: 21    XL:     7   Next: 40%
Magic:  6/6        EV: 10    Int:  5    God:
Gold:   179        SH:  5    Dex: 11    Spells: 6/6 levels left

rFire   . . .      SeeInvis .   a - +0 war axe
rCold   . . .      Faith    .   c - +0 buckler
rNeg    . . .      Spirit   .   b - +0 scale mail
rPois   .          Reflect  .   (helmet restricted)
rElec   .          Harm     .   g - +0 cloak
rCorr   .          Rampage  .   (no gloves)
Will    .....                   (no boots)
Stlth   ..........              (no amulet)
HPRegen 0.20/turn               (no ring)
MPRegen 0.10/turn               (no ring)

@: lethally poisoned (-1 -> -15), slowed, very slow
A: horns 2, retaliatory headbutt
a: no special abilities


You were in a sewer.
You visited 1 branch of the dungeon, and saw 4 of its levels.
You also visited: Sewer.

You collected 179 gold pieces.

Inventory:

Hand Weapons
 a - a +0 war axe (weapon)
 m - a +1 mace of holy wrath
Armour
 b - a +0 scale mail (worn)
 c - a +0 buckler (worn)
 g - a +0 cloak (worn)
Wands
 n - a wand of iceblast (10)
 u - a wand of polymorph (14)
Scrolls
 h - a scroll of vulnerability {unknown}
 i - a scroll of blinking {unknown}
 l - 3 scrolls of identify {unknown}
 o - 2 scrolls of magic mapping {unknown}
 q - a scroll of fog {unknown}
 r - a scroll of noise {unknown}
 t - 3 scrolls of teleportation {unknown}
 w - a scroll of fear {unknown}
 x - a scroll of enchant armour {unknown}
Potions
 d - a potion of might
 e - a potion of cancellation {unknown}
 f - a potion of heal wounds {unknown}
 j - 3 potions of curing {unknown}
 k - 2 potions of lignification {unknown}
 p - a potion of invisibility {unknown}
 s - a potion of magic {unknown}
 v - a potion of degeneration {unknown}
 z - 2 potions of mutation {unknown}
 A - 2 potions of haste {unknown}


   Skills:
 * Level 5.5 Fighting
 + Level 6.4 Axes
 + Level 5.9 Armour
 + Level 1.8 Dodging
 + Level 0.3 Stealth
 + Level 4.7 Shields
 * Level 1.1 Evocations


You had 6 spell levels left.
You didn't know any spells.
Your spell library contained the following spells:

 Spells                   Type           Power      Damage    Failure   Level
 Gell's Gravitas          Tloc           0%         N/A       99%         3
 Lesser Beckoning         Tloc           0%         N/A       99%         3
 Teleport Other           Tloc           0%         N/A       99%         3


Dungeon Overview and Level Annotations

Branches:
Dungeon (4/15)              Sewer (1/1)
 Temple: D:4-7

Altars:


Innate Abilities, Weirdness & Mutations

You have a pair of horns on your head.
You reflexively headbutt those who attack you in melee.


Message History

You block the kobold's attack.
A kobold is nearby!
You closely miss the kobold. You headbutt the kobold.
You kill the kobold!
You hear a splash.
You enter the shallow water.
Moving in this stuff is going to be slow.
You enter the shallow water.
Moving in this stuff is going to be slow.
A kobold brigand and a kobold come into view.
The kobold brigand is wielding a +0 short sword and quivering curare-tipped darts.
The kobold brigand throws a curare-tipped dart.
The curare-tipped dart hits you.
You are poisoned.
You have difficulty breathing.
You feel yourself slow down.
The kobold brigand throws a curare-tipped dart.
The curare-tipped dart hits you.
You are more poisoned.
You have difficulty breathing.
You feel as though you will be slow longer.
You feel extremely sick.
There are monsters nearby!
You are too injured to fight recklessly!
There are monsters nearby!
You are too injured to fight recklessly!
There are monsters nearby!
You are too injured to fight recklessly!
There are monsters nearby!
You feel very sick.
The kobold brigand throws a curare-tipped dart.
The curare-tipped dart hits you.
You are lethally poisoned!
You have difficulty breathing.
* * * LOW HITPOINT WARNING * * *
You feel as though you will be slow longer.
* * * LOW HITPOINT WARNING * * *
You feel extremely sick.
The kobold brigand throws a curare-tipped dart.
The curare-tipped dart closely misses you.
You die...

..≈####≈≈.≈≈≈≈≈≈###
#####..≈.≈.≈..≈≈≈≈##
#.≈≈..#####..≈≈≈#
#.≈..## ##..≈.#
#≈≈≈## ##.≈≈# #...#
#≈.≈# #.≈.# #≈.≈#
##..≈## ##≈≈≈##
#≈≈≈≈≈# #≈@≈≈≈#
#.###≈# #≈###≈# #≈#
#≈# #K# #≈#
##≈###≈## #≈###.##
#.≈≈#≈≈≈# .≈≈#≈.≈#
#)#÷#≈#≈# #K#≈#≈#)#
#≈#≈#≈#≈# #≈ ≈#≈#≈#
#≈#≈#≈#≈# #≈ ≈#≈#≈#
#.#.#.#.# #. .#.#.#


You could see a kobold brigand and a kobold.

Vanquished Creatures
  An ogre (D:4)
  2 necrophages (D:4)
  2 kobold brigands (Sewer)
  3 hounds
  Crazy Yiuf (D:2)
  Jessica (D:2)
  A hound skeleton (D:2)
  6 adders
  A river rat (D:4)
  An ufetubus (D:4)
  5 worms
  A dart slug (D:4)
  An orc (D:3)
  11 endoplasms
  4 giant cockroaches
  5 goblins
  6 hobgoblins
  2 quokkas (D:2)
  4 ball pythons
  7 bats
  2 frilled lizards
  8 kobolds
  8 rats
83 creatures vanquished.

Vanquished Creatures (others)
  4 fungi (D:2)
4 creatures vanquished.

Grand Total: 87 creatures vanquished

Notes
Turn   | Place    | Note
-------+----------+-------------------------------------------
     0 | D:1      | cbfl8 the Minotaur Fighter began the quest for the Orb.
     0 | D:1      | Reached XP level 1. HP: 19/19 MP: 0/0
   204 | D:1      | Reached XP level 2. HP: 23/27 MP: 1/1
   499 | D:1      | Found a faded altar of an unknown god.
   746 | D:2      | Reached XP level 3. HP: 29/33 MP: 2/2
   903 | D:2      | Reached XP level 4. HP: 41/41 MP: 3/3
   989 | D:2      | Noticed Jessica
   999 | D:2      | Killed Jessica
  1000 | D:2      | Reached skill level 3 in Axes
  1366 | D:2      | Reached skill level 4 in Axes
  1952 | D:2      | Found a runed translucent door.
  1953 | D:2      | Noticed Crazy Yiuf
  1960 | D:2      | Killed Crazy Yiuf
  1961 | D:2      | Reached skill level 1 in Dodging
  1961 | D:2      | Reached XP level 5. HP: 31/47 MP: 4/4
  2442 | D:3      | Reached skill level 5 in Armour
  2793 | D:4      | Noticed an ogre
  2797 | D:4      | Killed an ogre
  2798 | D:4      | Reached skill level 5 in Axes
  2798 | D:4      | Reached XP level 6. HP: 47/53 MP: 5/5
  3109 | D:4      | Reached skill level 5 in Fighting
  3148 | D:4      | Reached XP level 7. HP: 51/61 MP: 6/6
  3257 | D:4      | Found a glowing drain.
  3284 | Sewer    | Entered a sewer
  3373 | Sewer    | Reached skill level 6 in Axes
  3599 | Sewer    | Reached skill level 1 in Evocations
  3901 | Sewer    | Succumbed to a kobold brigand's curare-tipped dart

Illustrated notes

Levels and vault maps discovered:
D:1:      mrwooster_arrival_arrow, layout_rooms, ebering_ecumenical_altar_hall,
          serial_park_tiny_1, grunt_decor_fettered
D:2:      layout_basic, st_stairs_6, serial_park_tiny_1, corexii_corridor_pit,
          chequers_serial_rivers_marsh, amcnicky_mini_rare_corridor_liquid,
          nrook_loot_triangle, minmay_fractal_squares_5, uniq_jessica,
          uniq_crazy_yiuf_cottage
D:3:      layout_basic
D:4:      kennysheep_big_flooded_room, layout_rooms, portal_sewer_entry_a,
          ebering_ghost_sewer_d, hangedman_feature_mirror
Sewer:    sewer_co_tree

Skill      XL: |  1  2  3  4  5  6  7 |
---------------+----------------------+-----
Fighting       | 4 5 |  5.5
Shields        | 4 |  4.7
Armour         | 4 5 |  5.9
Axes           | 4 5 6 |  6.4
Dodging        | 1 |  1.8
Evocations     | 1 |  1.1
Stealth        | |  0.3

Action                   |  1- 3 |  4- 6 |  7- 9 || total
-------------------------+-------+-------+-------++-------
Melee: War axe           |    62 |    97 |    60 ||   219
       Headbutt          |     9 |    14 |     9 ||    32
  Use: Potion            |       |       |     1 ||     1
Armor: Scale mail        |    41 |    45 |    13 ||    99
Dodge: Dodged            |    36 |    52 |    21 ||   109
Block: Buckler           |    17 |    20 |    17 ||    54
